cohdb
Replays
Latest Replays
All Replays
Popular Replays
Top Player Replays
Match Explorer
How It Works
Community
CoH3 Stats
Reddit
Sign in to upload your games and track your stats! →
Sign in with Steam
Match 46835575
Unlisted
Match 46835575
Overview
Messages
Build Orders
End
Pioneer Squad
Construct Infanterie Kompanie
Selects Terror Battlegroup
Selects Machine Gun Camouflage
MG 42 Machine Gun Team
Grenadier Squad
Grenadier Squad
Construct Luftwaffe Kompanie
221 Scout Car
Medical Station
Flak 30 Anti-aircraft Gun Team
Support Elements
Wirbelwind Flakpanzer
Jäger Squad
Wirbelwind Flakpanzer
Selects No Quarter
Construct Panzergrenadier Kompanie
Nebelwerfer 42 Rocket Launcher Team
Jäger Squad
Nebelwerfer 42 Rocket Launcher Team
Selects King Tiger Heavy Tank
King Tiger Heavy Tank
Selects Contempt for the Weak
Selects Propaganda Leaflet Drop
Propaganda Leaflet Drop
UMirinBrah?
BlueSkidrow™ Legion
Dr. Jekyll
PutPut-AusarTheVile
0
0
Comments
sign in to comment!
No comments posted yet!